 Dungeon Crawl Stone Soup version 0.31-a0-188-g5e087ee2ca (webtiles) character file.

Game seed: 17618765399359402559

172 qw the Skirmisher (level 5, -1/29 HPs)
             Began as a Deep Elf Hunter on June 23, 2023.
             Was an Initiate of Okawaru.
             Slain by Edmund
             ... wielding a +2 flail of protection
              (7 damage)
             ... on level 4 of the Dungeon.
             The game lasted 00:01:00 (2481 turns).

qw the Skirmisher (Deep Elf Hunter)                 Turns: 2481, Time: 00:01:01

Health: -1/29      AC: 11    Str: 10    XL:     5   Next: 27%
Magic:  7/7        EV: 11    Int: 14    God:    Okawaru [......]
Gold:   107        SH:  0    Dex: 18    Spells: 4/4 levels left

rFire   . . .        Y - +0 shortbow
rCold   . . .        (shield currently unavailable)
rNeg    . . .        g - +0 ring mail
rPois   .            (no helmet)
rElec   .            k - +0 cloak
rCorr   .            i - +2 pair of gloves
SInv    .            a - +1 pair of boots
Will    .....        (no amulet)
Stlth   +            (no ring)
HPRegen 0.24/turn    (no ring)
MPRegen 0.10/turn

%: no passive effects
@: no status effects
A: no striking features
a: Renounce Religion


You were on level 4 of the Dungeon.
You worshipped Okawaru.
Okawaru was noncommittal.
You visited 1 branch of the dungeon, and saw 4 of its levels.

You collected 204 gold pieces.
You spent 97 gold pieces at shops.


   Skills:
 - Level 1.5 Fighting
 + Level 8.0 Ranged Weapons
 - Level 1.9 Armour
 - Level 2.4 Dodging
 - Level 1.2 Stealth


You had 4 spell levels left.
You didn't know any spells.
Your spell library was empty.

Inventory:

Hand Weapons
 Y - a +0 shortbow (weapon)
Armour
 a - a +1 pair of boots (worn)
 g - a +0 ring mail (worn)
 i - a +2 pair of gloves (worn)
 k - a +0 cloak (worn)
Scrolls
 h - a scroll of identify
Potions
 b - a potion of heal wounds {unknown}
 c - a potion of resistance {unknown}
 d - a potion of curing {unknown}
 e - a potion of haste
 f - a potion of magic {unknown}
 j - a potion of attraction {unknown}

Dungeon Overview and Level Annotations

Branches:
Dungeon (4/15)
 Temple: D:4-7

Altars:
Okawaru
Qazlal

Shops:
D:1 =   D:2 *

Annotations:
D:4 Edmund


Message History

Edmund shouts!
You shoot an arrow.
The arrow hits Edmund but does no damage.
You shoot an arrow.
The arrow hits Edmund but does no damage.
Edmund gestures with his flail.
You shoot an arrow.
The arrow hits Edmund but does no damage.
You shoot an arrow. The arrow barely misses Edmund.
You shoot an arrow.
The arrow hits Edmund but does no damage.
You shoot an arrow.
The arrow hits Edmund but does no damage.
Edmund closely misses you. Edmund hits you but does no damage.
You shoot an arrow. The arrow closely misses Edmund.
Edmund hits you with a +2 flail of protection.
You shoot an arrow. The arrow barely misses Edmund.
Edmund hits you with a +2 flail of protection.
You shoot an arrow. The arrow hits Edmund.
Edmund is lightly wounded.
Edmund barely misses you.
You shoot an arrow.
The arrow hits Edmund but does no damage.
Edmund is lightly wounded.
Edmund closely misses you.
You shoot an arrow. The arrow hits Edmund.
Edmund is lightly wounded.
Edmund hits you with a +2 flail of protection.
You shoot an arrow. The arrow hits Edmund.
Edmund is lightly wounded.
Edmund hits you but does no damage.
Edmund hits you with a +2 flail of protection!
You shoot an arrow.
The arrow hits Edmund but does no damage.
Edmund is lightly wounded.
Edmund hits you with a +2 flail of protection.
You shoot an arrow. The arrow hits Edmund.
Edmund is moderately wounded.
Edmund hits you with a +2 flail of protection!
You die...

........#.....#
.........#.....+..
.........#%....#.## #
....###...........#.# .
........>#.#####..#.#..
.......<.#.##...?......
.........#.##.#........
......)..#'##.#........
#...........#.#@@......
#...###.........%......
#... #.%%#####.#......
... #E#.).# .........
.. ###...## #........
.......... .........
......_.....#........
.....................
..###...###..#......


You could see Edmund.

Vanquished Creatures
  A scorpion (D:4)
  3 adders
  3 worms
  2 dart slugs
  3 orcs
  5 bats
  9 endoplasms
  3 giant cockroaches
  10 goblins
  8 hobgoblins
  A quokka (D:1)
  9 ball pythons
  2 frilled lizards (D:2)
  3 kobolds
  4 rats
66 creatures vanquished.

Notes
Turn   | Place    | Note
-------+----------+-------------------------------------------
     0 | D:1      | qw the Deep Elf Hunter began the quest for the Orb.
     0 | D:1      | Reached XP level 1. HP: 12/12 MP: 3/3
     0 | D:1      | 0 ||| qw: Version: 0.3-a-9-g12657ce
     0 | D:1      | 0 ||| qw: Game counter: 4020
     0 | D:1      | 0 ||| qw: Always use a shield: true
     0 | D:1      | 0 ||| qw: God list: Okawaru
     0 | D:1      | 0 ||| qw: Allow faded altars: false
     0 | D:1      | 0 ||| qw: Do Orc after D:15 true
     0 | D:1      | 0 ||| qw: Do second Lair branch before Depths: true
     0 | D:1      | 0 ||| qw: Lair rune preference: random
     0 | D:1      | 0 ||| qw: Plans: Normal
     0 | D:1      | 0 ||| PLANNING D:1-11
   202 | D:1      | Reached skill level 6 in Ranged Weapons
   202 | D:1      | Reached XP level 2. HP: 16/16 MP: 4/4
   475 | D:1      | Found Kesebies's Jewellery Shoppe.
   478 | D:1      | 478 ||| SHOPLISTING +6 ring of strength (468 gold, have
                  | 48).
   478 | D:1      | 478 ||| SHOPLISTING amulet of reflection (390 gold, have
                  | 48).
   478 | D:1      | 478 ||| SHOPLISTING ring "Foirphu" {Wiz rElec} (572 gold,
                  | have 48).
   478 | D:1      | 478 ||| SHOPLISTING ring of poison resistance (260 gold,
                  | have 48).
   478 | D:1      | 478 ||| SHOPLISTING ring of willpower (325 gold, have 48).
   616 | D:1      | 616 ||| UPGRADING to +0 ring mail.
   626 | D:1      | 626 ||| DROPPING +0 leather armour.
   627 | D:1      | 627 ||| UPGRADING to +0 pair of gloves.
   632 | D:1      | 632 ||| READING scroll labelled BUAFIJ DOFUTSY.
   733 | D:1      | 733 ||| READING scroll labelled LONOON EMEKE.
   737 | D:1      | 737 ||| READING scroll labelled YNUILLA MUIN.
   738 | D:1      | 738 ||| DRINKING 2 bubbling clear potions.
   775 | D:1      | 775 ||| DROPPING scroll of butterflies.
   776 | D:1      | 776 ||| DROPPING potion of lignification.
   855 | D:2      | Reached XP level 3. HP: 20/20 MP: 5/5
   874 | D:2      | 874 ||| FLEEEEING.
   875 | D:2      | 875 ||| FLEEEEING.
   876 | D:2      | 876 ||| FLEEEEING.
   877 | D:2      | 877 ||| FLEEEEING.
   878 | D:2      | 878 ||| FLEEEEING.
   879 | D:2      | 879 ||| FLEEEEING.
   880 | D:2      | 880 ||| FLEEEEING.
   881 | D:2      | 881 ||| FLEEEEING.
   920 | D:2      | Reached skill level 7 in Ranged Weapons
   961 | D:2      | HP: 3/20 [worm (8)]
   962 | D:2      | 962 ||| READING scroll of teleportation.
  1266 | D:2      | Found Noelaqu's Assorted Antiques.
  1274 | D:2      | 1274 ||| BUYING metallic green potion (22 gold).
  1274 | D:2      | Bought a metallic green potion for 22 gold pieces
  1274 | D:2      | 1274 ||| BUYING scroll labelled TYUHYA DABIE (25 gold).
  1274 | D:2      | Bought a scroll labelled TYUHYA DABIE for 25 gold pieces
  1274 | D:2      | 1274 ||| BUYING scroll labelled TYUHYA DABIE (25 gold).
  1274 | D:2      | Bought a scroll labelled TYUHYA DABIE for 25 gold pieces
  1274 | D:2      | 1274 ||| BUYING scroll labelled YCUUCO KARUOFI (25 gold).
  1274 | D:2      | Bought a scroll labelled YCUUCO KARUOFI for 25 gold pieces
  1274 | D:2      | 1274 ||| SHOPLISTING scroll labelled YCUUCO KARUOFI (25
                  | gold, have 22).
  1274 | D:2      | 1274 ||| SHOPLISTING short brass wand (100 gold, have 22).
  1295 | D:2      | 1295 ||| READING scroll of enchant armour.
  1295 | D:2      | 1295 ||| ENCHANTING +0 pair of gloves.
  1430 | D:2      | 1430 ||| READING 5 scrolls labelled YCUUCO KARUOFI.
  1431 | D:2      | 1431 ||| READING scroll labelled FIRO ICZU JIRU.
  1432 | D:2      | 1432 ||| READING 2 scrolls labelled TYUHYA DABIE.
  1433 | D:2      | 1433 ||| DRINKING 2 black potions.
  1434 | D:2      | 1434 ||| DROPPING 4 scrolls of revelation.
  1453 | D:3      | Reached XP level 4. HP: 25/25 MP: 6/6
  1469 | D:3      | 1469 ||| STAIRDANCE
  1721 | D:3      | Found an iron altar of Okawaru.
  1722 | D:3      | 1722 ||| PLANNING OKAWARU WORSHIP
  1726 | D:3      | 1726 ||| UPGRADING to +1 pair of boots.
  1731 | D:3      | 1731 ||| READING scroll labelled FONIEKIJIN.
  1739 | D:3      | Became a worshipper of Warmaster Okawaru
  1740 | D:3      | 1740 ||| PLANNING D:1-11
  1871 | D:3      | 1871 ||| READING scroll of enchant armour.
  1871 | D:3      | 1871 ||| ENCHANTING +1 pair of gloves.
  2321 | D:3      | 2321 ||| UPGRADING to +0 cloak.
  2374 | D:4      | Found a stormy altar of Qazlal.
  2374 | D:4      | Noticed a water elemental
  2375 | D:4      | Noticed a scorpion
  2381 | D:4      | Reached skill level 8 in Ranged Weapons
  2388 | D:4      | Killed a scorpion
  2389 | D:4      | Reached skill level 1 in Armour
  2389 | D:4      | Reached XP level 5. HP: 21/29 MP: 7/7
  2466 | D:4      | Noticed Edmund
  2480 | D:4      | HP: 6/29 [Edmund/+2 flail of protection (3)]
  2481 | D:4      | Slain by Edmund

Levels and vault maps discovered:
D:1:      dpeg_arrival_concentric_ovals, layout_basic, serial_shops,
          nicolae_shop_real_fake_doors, chequers_serial_rivers_small_a,
          minmay_stone_trees_small
D:2:      layout_rooms, serial_shops, shop, minivault_5, minmay_tiny_reverse_x
D:3:      layout_loops_corners, kennysheep_okawaru_gauntlet
D:4:      layout_basic, nicolae_qazlal_style_of_elements, uniq_edmund

Skill      XL: |  1  2  3  4 |
---------------+-------------+-----
Ranged Weapons | 6 7 8 |  8.0
Armour         | 1 |  1.9
Fighting       | |  1.5
Dodging        | |  2.4
Stealth        | |  1.2

Action                     |  1- 3 |  4- 6 || total
---------------------------+-------+-------++-------
   Fire: Shortbow          |   144 |    78 ||   222
    Use: Scroll            |     8 |     2 ||    10
         Potion            |     2 |       ||     2
 Armour: Leather armour    |     3 |       ||     3
         Ring mail         |    10 |     8 ||    18
  Dodge: Dodged            |    37 |    19 ||    56

Table legend:
 A = Non-vault XP
 B = Vault XP
 C = Vault XP percentage of total XP
 D = Non-vault monster count
 E = Vault monster count
 F = Vault count percentage of total count
                 A         B        C        D         E       F
            +---------+---------+-------+---------+---------+-------
      Total |     239 |       8 |   3.2 |      62 |       4 |   6.1
            +---------+---------+-------+---------+---------+-------
        D:1 |      37 |       0 |   0.0 |      22 |       0 |   0.0
        D:2 |      69 |       4 |   5.5 |      23 |       2 |   8.0
        D:3 |      31 |       4 |  11.4 |      10 |       2 |  16.7
        D:4 |     102 |       0 |   0.0 |       7 |       0 |   0.0
            +---------+---------+-------+---------+---------+-------
